 Dungeon Sprint DCSS version 0.24.0-125-gc4c63601f3 (webtiles) character file.

Game seed: 15518315570564690246, levelgen mode: deterministic

6766 Groucho the Imperceptible (level 10, -5/57 HPs)
             Began as a Felid Berserker on Mar 9, 2020.
             Was the Champion of Trog.
             Engulfed by a cloud of steam (8 damage)
             ... in the Dungeon (Sprint I: "Red Sonja").
             The game lasted 00:16:29 (3349 turns).

Groucho the Imperceptible (Felid Berserker)         Turns: 3349, Time: 00:16:29

Health: -5/57      AC:  3    Str: 13    XL:     10   Next: 76%
Magic:  11/11      EV: 35    Int: 10    God:    Trog [******]
Gold:   1511       SH:  0    Dex: 19    Spells: 9/9 levels left
                                        Lives:  0   Deaths: 3

rFire    . . .     SeeInvis +     - Unarmed
rCold    + . .     Gourm    .   (shield unavailable)
rNeg     . . .     Faith    .   (armour unavailable)
rPois    .         Spirit   .   (helmet unavailable)
rElec    .         Reflect  .   (cloak unavailable)
rCorr    .         Harm     .   (gloves unavailable)
MR       +....     NoTele   +   (boots unavailable)
Stlth    +++++++++.             (no amulet)
HPRegen  0.19/turn              (no ring)
MPRegen  0.12/turn              (no ring)

@: quick
A: very small, no armour, no weapons or thrown items, stealth, claws 1, fangs 3,
see invisible, carnivore, speed 1, shaggy fur 3, slow metabolism 1, sharp paws
a: Berserk, Trog's Hand, Brothers in Arms, Renounce Religion


You were in the Dungeon.
You worshipped Trog.
Trog was exalted by your worship.
You were not hungry.

You visited 1 branch You collected 2322 gold pieces.
You spent 811 gold pieces at shops.

Inventory:

Jewellery
 o - an uncursed ring of poison resistance
 q - an uncursed ring of protection from magic
Wands
 h - a wand of flame (3)
Scrolls
 g - 3 scrolls of identify
 i - a scroll of vulnerability {unknown}
 j - 3 scrolls of remove curse {unknown}
 l - 2 scrolls of enchant weapon {unknown}
 p - 3 scrolls of fog {unknown}
 r - a scroll of blinking
Potions
 b - 7 potions of curing
 d - a potion of ambrosia {unknown}
 e - 2 potions of magic
 f - a potion of berserk rage
 n - a potion of might
Comestibles
 a - 5 rations


   Skills:
 + Level 14.8 Fighting
 + Level 18.5 Dodging
 + Level 26.8 Stealth
 + Level 14.8 Unarmed Combat


You had 9 spell levels left.
You didn't know any spells.
Your spell library was empty.

Dungeon Overview and Level Annotations

Branches:
Dungeon (1/1)

Altars:
Cheibriados
Dithmenos
Elyvilon
Fedhas
Gozag
Hepliaklqana
Kikubaaqudgha
Makhleb
Nemelex Xobeh
Okawaru
Qazlal
Ru
Sif Muna
Trog
Uskayaw
Vehumet
Wu Jian
Xom
Yredelemnul
Zin
The Shining One
Jiyva
Lugonu

Shops:
D *:([:(}*!***(?(*:%}[:}

Annotations:
D exclusion: oklob plant


Innate Abilities, Weirdness & Mutations

You cannot wear armour.
You are incapable of wielding weapons or throwing items.
Your paws allow you to move quietly. (Stealth)
You have sharp claws.
You have razor-sharp teeth.
You have supernaturally acute eyesight. (SInv)
You are carnivorous and can eat meat at any time.
You cover ground quickly.
Your thick and shaggy fur keeps you warm. (AC +3, rC+)
You have a slow metabolism.
Your sharp claws are effective at attacking unaware monsters.


Message History

You are engulfed in a cloud of scalding steam.
Things that are here:
27 gold pieces; the felid corpse of Groucho You are engulfed in a cloud of scalding steam.
You see here 27 gold pieces.
You are engulfed in a cloud of scalding steam.
You see here 27 gold pieces.
You are engulfed in a cloud of scalding steam.
You are engulfed in a cloud of scalding steam.
You are engulfed in a cloud of scalding steam.
You are engulfed in a cloud of scalding steam.
You are engulfed in a cloud of scalding steam.
You are engulfed in a cloud of scalding steam.
* * * LOW HITPOINT WARNING * * *
You are engulfed in a cloud of scalding steam.
* * * LOW HITPOINT WARNING * * *
You are engulfed in a cloud of scalding steam.
* * * LOW HITPOINT WARNING * * *
You are engulfed in a cloud of scalding steam.
You die...

##################
§§§§..'..#^^+§§§§#
§§§§.##..)^^#§§§@##
#.§.#######'#$§§§§#####
###+#)?$##..#$§§§§#...#
#.##$$$#..##$$§§#.∩.#
#..###$#..≈###'##...#
##.#A#$#†.≈.)#§####§#
#..###$#..≈.##§#§§.§##
#.##..$#..≈##§^§§....##
#..#+###..≈#§.§§.§^...#


There were no monsters in sight!

Vanquished Creatures
  A shadow dragon (D)
  4 fire giants (D)
  A deep elf annihilator (D)
  A hydra (D)
  2 centaur warriors (D)
  Sonja (D)
  7 unseen horrors (D)
  A lindwurm (D)
  An oklob plant (D)
  4 demonic crawlers (D)
  2 kobold demonologists (D)
  A hellwing (D)
  A hornet (D)
  A slime creature (D)
  2 redbacks (D)
  Sigmund (D)
  A yak (D)
  13 hogs (D)
  3 floating eyes (D)
  7 necrophages (D)
  An ogre (D)
  8 jellies (D)
  Ijyb (D)
65 creatures vanquished.

Vanquished Creatures (collateral kills)
  A golden dragon (D)
  A deep troll (D)
  8 shining eyes (D)
  2 merfolk sirens (D)
  4 hornets (D)
  4 floating eyes (D)
20 creatures vanquished.

Vanquished Creatures (others)
  A gargoyle (D)
  2 ballistomycete spores (D)
3 creatures vanquished.

Grand Total: 88 creatures vanquished

Notes
Turn   | Place    | Note
-------+----------+-------------------------------------------
     0 | D        | Groucho the Felid Berserker began the quest for the Orb.
     0 | D        | Reached XP level 1. HP: 10/10 MP: 2/2
     2 | D        | Noticed Ijyb
     9 | D        | Killed Ijyb
     9 | D        | Reached skill level 8 in Stealth
     9 | D        | Reached XP level 2. HP: 2/14 MP: 3/3
   408 | D        | Noticed an ogre
   410 | D        | Killed an ogre
   410 | D        | Reached skill level 12 in Stealth
   410 | D        | Reached XP level 3. HP: 17/17 MP: 4/4
   410 | D        | Reached XP level 4. HP: 21/21 MP: 5/5
   427 | D        | Noticed Sigmund
   429 | D        | Killed Sigmund
   429 | D        | Reached ** piety under Trog
   429 | D        | Reached skill level 16 in Stealth
   429 | D        | Reached XP level 5. HP: 24/24 MP: 6/6
   441 | D        | Found a shimmering blue altar of Sif Muna.
   442 | D        | Found an ornate altar of the Wu Jian Council.
   443 | D        | Found a radiant altar of Vehumet.
   448 | D        | Gained mutation: You are covered in thick fur. (AC +2)
                  | [Felid growth]
   448 | D        | Reached XP level 6. HP: 28/28 MP: 7/7
   478 | D        | Found Bypred's Antique Armour Emporium.
   478 | D        | Found an ancient bone altar of Kikubaaqudgha.
   478 | D        | Found a hazy altar of Hepliaklqana.
   478 | D        | Found a hide-covered altar of Uskayaw.
   478 | D        | Found a basalt altar of Yredelemnul.
   478 | D        | Found an opulent altar of Gozag.
   478 | D        | Found a snail-covered altar of Cheibriados.
   478 | D        | Found a sacrificial altar of Ru.
   478 | D        | Found a shadowy altar of Dithmenos.
   478 | D        | Noticed a yak
   479 | D        | Found a stormy altar of Qazlal.
   479 | D        | Found a blossoming altar of Fedhas.
   479 | D        | Found a bloodstained altar of Trog.
   479 | D        | Found an iron altar of Okawaru.
   479 | D        | Found a glowing golden altar of the Shining One.
   479 | D        | Found a glowing silver altar of Zin.
   479 | D        | Found a white marble altar of Elyvilon.
   480 | D        | Slain by a yak
   481 | D        | Reached XP level 5. HP: -1/24 MP: 6/6
   481 | D        | Found Woramia's Assorted Antiques.
   487 | D        | Noticed Sonja
   490 | D        | Killed Sonja
   490 | D        | Reached *** piety under Trog
   490 | D        | Reached skill level 21 in Stealth
   490 | D        | Reached XP level 6. HP: 28/28 MP: 7/7
   490 | D        | Reached XP level 7. HP: 31/31 MP: 8/8
   510 | D        | Found a sparkling altar of Nemelex Xobeh.
   521 | D        | Killed a yak
   948 | D        | Found a burning altar of Makhleb.
   948 | D        | Found a shimmering altar of Xom.
   948 | D        | Noticed a slime creature
   949 | D        | Found a viscous altar of Jiyva.
   949 | D        | Found a corrupted altar of Lugonu.
   951 | D        | Killed a slime creature
   951 | D        | Reached skill level 5 in Dodging
   951 | D        | Reached XP level 8. HP: 36/36 MP: 9/9
   965 | D        | Noticed a kobold demonologist
   966 | D        | Noticed a kobold demonologist
   970 | D        | Killed a kobold demonologist
   970 | D        | Reached **** piety under Trog
   970 | D        | Reached skill level 5 in Fighting
   970 | D        | Reached skill level 5 in Unarmed Combat
   972 | D        | Killed a kobold demonologist
   991 | D        | Noticed a centaur warrior
  1103 | D        | Noticed a centaur warrior
  1104 | D        | Killed a centaur warrior
  1104 | D        | Reached skill level 22 in Stealth
  1104 | D        | Reached XP level 9. HP: 43/43 MP: 10/10
  1105 | D        | Killed a centaur warrior
  1105 | D        | Reached ***** piety under Trog
  1105 | D        | Reached skill level 10 in Dodging
  1175 | D        | Noticed a deep troll
  1181 | D        | Killed a deep troll
  1198 | D        | Found Vaum's Armour Emporium.
  1280 | D        | Noticed a demonic crawler
  1280 | D        | Noticed a demonic crawler
  1280 | D        | Noticed a demonic crawler
  1280 | D        | Noticed a demonic crawler
  1282 | D        | Killed a demonic crawler
  1282 | D        | Reached skill level 23 in Stealth
  1283 | D        | Killed a demonic crawler
  1283 | D        | Reached XP level 10. HP: 46/49 MP: 11/11
  1302 | D        | Noticed a lindwurm
  1304 | D        | Killed a lindwurm
  1344 | D        | Noticed an oklob plant
  1346 | D        | Killed an oklob plant
  1346 | D        | Reached skill level 10 in Fighting
  1346 | D        | Reached skill level 10 in Unarmed Combat
  1384 | D        | Noticed an unseen horror
  1385 | D        | Noticed an unseen horror
  1391 | D        | Killed an unseen horror
  1391 | D        | Reached ****** piety under Trog
  1393 | D        | Killed an unseen horror
  1393 | D        | Reached skill level 24 in Stealth
  1578 | D        | Found Qowoux's Assorted Antiques.
  1578 | D        | Found Batev's Gadget Shop.
  1578 | D        | Found Xigied's Distillery.
  1580 | D        | Found Watixeumm's General Store.
  1580 | D        | Found Ujyx's Assorted Antiques.
  1580 | D        | Found Peer's General Store.
  1580 | D        | Found Naes's Weapon Boutique.
  1580 | D        | Found Wewa's Magic Scroll Emporium.
  1580 | D        | Found Kuladerch's Weapon Shop.
  1580 | D        | Found Peruapn's Assorted Antiques.
  1584 | D        | Found Wuzxema's Book Boutique.
  1585 | D        | Found Kekkeu's Gadget Emporium.
  1585 | D        | Found Guic's Food Boutique.
  1586 | D        | Found Guanev's Book Emporium.
  1639 | D        | Noticed a shining eye
  1639 | D        | Noticed a shining eye
  1639 | D        | Noticed a shining eye
  1639 | D        | Noticed a shining eye
  1639 | D        | Noticed a shining eye
  1639 | D        | Noticed a shining eye
  1639 | D        | Reached XP level 11. HP: 54/54 MP: 12/12
  1641 | D        | Killed a shining eye
  1641 | D        | Killed a shining eye
  1642 | D        | Killed a shining eye
  1643 | D        | Noticed a shining eye
  1643 | D        | Noticed a shining eye
  1643 | D        | Paralysed by a floating eye for 3 turns
  1643 | D        | Killed a shining eye
  1645 | D        | Killed a shining eye
  1646 | D        | Killed a shining eye
  1646 | D        | Killed a shining eye
  1648 | D        | Killed a shining eye
  1654 | D        | Found Wiownael's Book Shoppe.
  1654 | D        | Found Utaplaff's Book Shop.
  1654 | D        | Found Vouruk's Antique Weapon Emporium.
  1654 | D        | Found Majyrr's Weapon Boutique.
  1754 | D        | Reached skill level 15 in Dodging
  1832 | D        | Noticed a 12-headed hydra
  1833 | D        | Paralysed by a floating eye for 4 turns
  1838 | D        | Killed a 12-headed hydra
  1838 | D        | Reached skill level 25 in Stealth
  2017 | D        | Bought a grey potion for 24 gold pieces
  2017 | D        | Bought an inky potion for 24 gold pieces
  2017 | D        | Bought a twisted diamond ring for 135 gold pieces
  2018 | D        | Bought a potion of flight for 30 gold pieces
  2020 | D        | Bought a smoky ruby potion for 19 gold pieces
  2020 | D        | Bought a peridot ring for 110 gold pieces
  2038 | D        | Bought a scroll of identify for 22 gold pieces
  2038 | D        | Bought a scroll of identify for 22 gold pieces
  2054 | D        | Bought a scroll of identify for 48 gold pieces
  2054 | D        | Bought a scroll of identify for 48 gold pieces
  2055 | D        | Bought a scroll of blinking for 180 gold pieces
  2063 | D        | Bought a scroll of blinking for 97 gold pieces
  2063 | D        | Bought a scroll of identify for 26 gold pieces
  2063 | D        | Bought a scroll of identify for 26 gold pieces
  2149 | D        | Noticed a shadow dragon
  2151 | D        | Noticed a golden dragon
  2154 | D        | Killed a shadow dragon
  2162 | D        | Killed a golden dragon
  2232 | D        | Found Esmaxobo's Gadget Shoppe.
  2264 | D        | Identified the Almanac of Companions and Cold
  2674 | D        | Noticed a daeva
  2678 | D        | Noticed an unseen horror
  2678 | D        | Noticed an unseen horror
  2678 | D        | Noticed an unseen horror
  2678 | D        | Noticed an unseen horror
  2680 | D        | Killed an unseen horror
  2680 | D        | Gained mutation: Your thick and shaggy fur keeps you warm.
                  | (AC +3, rC+) [Felid growth]
  2680 | D        | Reached XP level 12. HP: 62/62 MP: 13/13
  2698 | D        | Reached skill level 26 in Stealth
  2702 | D        | Noticed a fire giant
  2705 | D        | Noticed a fire giant
  2706 | D        | Noticed a fire giant
  2707 | D        | Noticed a fire giant
  2709 | D        | Killed a fire giant
  2713 | D        | Killed a fire giant
  2715 | D        | Killed a fire giant
  2718 | D        | Killed a fire giant
  2822 | D        | Noticed a deep elf annihilator
  2844 | D        | Killed a deep elf annihilator
  3237 | D        | Found the +0 staff of Battle
  3255 | D        | Paralysed by a hornet for 1 turns
  3298 | D        | Noticed a mummy priest
  3310 | D        | Mangled by a sun demon
  3311 | D        | Reached XP level 11. HP: -7/90 MP: 12/12
  3328 | D        | HP: 2/60 [something (11)]
  3329 | D        | Engulfed by a cloud of steam
  3330 | D        | Reached XP level 10. HP: 0/57 MP: 11/11
  3349 | D        | Engulfed by a cloud of steam

Levels and vault maps discovered:
D:        dungeon_sprint_1 [red_sonja_temple_1, red_sonja_temple_small_1]

Skill      XL: |  1  2  3  4  5  6  7  8  9 10 11 12 |
---------------+-------------------------------------+-----
Stealth        | 8 12 16 21 22 23 24 25 26 | 26.8
Fighting       | 4 7 9 11 13 14 | 14.8
Dodging        | 5 9 11 13 16 18 | 18.5
Unarmed Combat | 4 7 9 11 13 14 | 14.8

Action                   |  1- 3 |  4- 6 |  7- 9 | 10-12 || total
-------------------------+-------+-------+-------+-------++-------
Melee: Unarmed           |     6 |     5 |    19 |   125 ||   155
       Punch             |     1 |       |       |     5 ||     6
       Bite              |       |     1 |     2 |    13 ||    16
Invok: Berserk           |     1 |     1 |     2 |     2 ||     6
       Brothers in Arms  |       |       |     1 |    12 ||    13
       Trog's Hand       |       |       |     1 |     3 ||     4
  Use: Scroll            |       |       |     1 |     6 ||     7
       Potion            |       |       |       |     6 ||     6
 Stab: Sleeping          |     2 |     2 |     9 |    26 ||    39
  Eat: Chunk             |       |     2 |     6 |    13 ||    21
Armor: Skin              |       |       |       |     7 ||     7
Dodge: Dodged            |     2 |     1 |    13 |    97 ||   113
